 Dungeon Crawl Stone Soup version 0.28.0-45-g0d030f2227 (webtiles) character file.

Game seed: 16671281185703328684

6 zeratav the Insei (level 1, 0/13 HPs)
             Began as an Octopode Transmuter on Apr 7, 2022.
             Slain by a worm (10 damage)
             ... on level 1 of the Dungeon.
             The game lasted 00:01:13 (401 turns).

zeratav the Insei (Octopode Transmuter)              Turns: 401, Time: 00:01:13

Health: 0/13       AC:  1    Str:  9    XL:     1   Next: 90%
Magic:  2/3        EV: 13    Int: 15    God:
Gold:   47         SH:  0    Dex: 12    Spells: 3/4 levels left

rFire   . . .      SeeInvis .     - Unarmed
rCold   . . .      Faith    .   (no shield)
rNeg    . . .      Spirit   .   (helmet currently unavailable)
rPois   .          Reflect  .   (no amulet)
rElec   .          Harm     .   (no ring)
rCorr   .          Rampage  .   (no ring)
Will    .....                   (no ring)
Stlth   ++........              (no ring)
HPRegen 0.04/turn               (no ring)
MPRegen 0.08/turn               (no ring)
                                (no ring)
                                (no ring)

@: appendages
A: tentacle spike 3, almost no armour, amphibious, 8 rings, camouflage 1,
gelatinous body 1, (nimble swimmer 1), tentacles
a: End Transformation


You were on level 1 of the Dungeon.
One of your tentacles had grown a beastly spike.
You visited 1 branch of the dungeon, and saw 1 of its levels.

You collected 47 gold pieces.


Innate Abilities, Weirdness & Mutations

One of your tentacles has grown a beastly spike.
You cannot wear most types of armour.
You are amphibious.
You can wear up to eight rings at the same time.
Your skin changes colour to match your surroundings (Stealth+).
Your rubbery body absorbs attacks. (AC +1, EV +1)
((You are camouflaged when in or above water. (Stealth+)))
You have tentacles for arms and can constrict up to eight enemies at once.


   Skills:
 + Level 1.1 Fighting
 + Level 2.1 Dodging
 + Level 0.6 Stealth
 * Level 3.1 Unarmed Combat
 - Level 2.0 Spellcasting
 + Level 2.0 Transmutations


You had 3 spell levels left.
You knew the following spells:

 Your Spells              Type           Power      Damage    Failure   Level
a - Beastly Appendage     Tmut           14%        N/A       10%         1

Your spell library contained the following spells:

 Spells                   Type           Power      Damage    Failure   Level
 Wereblood                Tmut           7%         N/A       14%         2
 Spider Form              Tmut/Pois      4%         N/A       41%         3
 Ice Form                 Ice/Tmut       4%         N/A       82%         4

Inventory:

Potions
 b - a potion of curing {unknown}

Dungeon Overview and Level Annotations

Branches:
Dungeon (1/15)

Altars:

#.##..#...†...###.........>.####
#.##..###...............#####
#.##..# #...#####.#.#.###
##.##..####...####.#.#.#
...##..............#.#.#
######.###...........#.#
#.......######...#####.#
...####...###.....## #.# ##.#
######^..^@..# #.# #.#
#....w...^##.# #.#
#..(.........# #.#
.....>......### #.#
.#...^.^...## #.# #^.$......#
#.. ##.......## ### ##.....##


You could see a worm.


Message History

Confirm with . or Enter, or press ? or * to list all spells.
One of your tentacles grows a vicious spike.
MP[-1]
You lost 1 mp, and now have 2/3 mp.
The frilled lizard hisses angrily.
You barely miss the frilled lizard. Your grab misses the frilled lizard.
Your tentacle-slap misses the frilled lizard.
The frilled lizard bites you.
You tentacle-slap the frilled lizard.
You kill the frilled lizard!
No target in view!
HP[-2]
You take 2 damage, and now have 11/13 hp.
No target in view!
No target in view!
No target in view!
No target in view!
No target in view!
No target in view!
No target in view!
No target in view!
No target in view!
Your transformation is almost over.
Your tentacle spike disappears.
a - a poisoned dart {throwing}
a - 2 poisoned darts {throwing} (gained 1)
You now have 39 gold pieces (gained 5).
A hobgoblin comes into view.
HP[+2] MP[+1]
Your hp is fully restored (13).
Your mp is fully restored (3).
You throw a poisoned dart {throwing}.
The poisoned dart {throwing} hits the hobgoblin.
The hobgoblin is poisoned.
The hobgoblin shouts!
You throw a poisoned dart {throwing}.
The poisoned dart {throwing} barely misses the hobgoblin.
Casting: Beastly Appendage (safe; 10% risk of failure)
Confirm with . or Enter, or press ? or * to list all spells.
One of your tentacles grows a vicious spike.
MP[-1]
You lost 1 mp, and now have 2/3 mp.
The hobgoblin barely misses you.
You completely miss the hobgoblin. You grab the hobgoblin.
You constrict the hobgoblin, but do no damage.
The hobgoblin closely misses you.
You tentacle-slap the hobgoblin but do no damage.
You pierce the hobgoblin, but do no damage.
You constrict the hobgoblin, but do no damage.
You kill the hobgoblin!
No target in view!
No target in view!
No target in view!
No target in view!
No target in view!
No target in view!
No target in view!
No target in view!
No target in view!
No target in view!
No target in view!
No target in view!
Your transformation is almost over.
You see here a hobgoblin corpse.
Your tentacle spike disappears.
a - a poisoned dart {throwing} You see here a +0 pair of boots.
Found a stone staircase leading down.
MP[+1]
Your mp is fully restored (3).
b - a ruby potion A frilled lizard comes into view.
You throw a poisoned dart {throwing}.
The poisoned dart {throwing} hits the frilled lizard.
The frilled lizard is poisoned.
The frilled lizard hisses angrily.
Nothing quivered!
You kill the frilled lizard!
Casting: Beastly Appendage (safe; 10% risk of failure)
Confirm with . or Enter, or press ? or * to list all spells.
One of your tentacles grows a vicious spike.
MP[-1]
You lost 1 mp, and now have 2/3 mp.
Your transformation is almost over.
Your tentacle spike disappears.
You see here a frilled lizard corpse.
You now have 47 gold pieces (gained 8).
A worm comes into view.
MP[+1]
Your mp is fully restored (3).
A worm is nearby!
One of your tentacles grows a vicious spike.
MP[-1]
You lost 1 mp, and now have 2/3 mp.
Found a stone staircase leading down.
The worm bites you.
You tentacle-slap the worm but do no damage.
You grab the worm.
You pierce the worm.
You constrict the worm. The worm bites you!
Ouch! That really hurt!
You die...

Action                   || total
-------------------------++-------
Melee: Unarmed           ||    12
       Constrict         ||     4
       Kick              ||     4
       Tentacles         ||     1
Throw: Dart              ||     6
 Cast: Beastly Appendage ||     5
Dodge: Dodged            ||     7

Levels and vault maps discovered:
D:1:      dpeg_arrival_round_b, layout_loops_ring,
          shapermc_ecumenical_altar_venn, nicolae_wormholes

Notes
Turn   | Place    | Note
-------+----------+-------------------------------------------
     0 | D:1      | zeratav the Octopode Transmuter began the quest for the
                  | Orb.
     0 | D:1      | Reached XP level 1. HP: 13/13 MP: 3/3
     0 | D:1      | magus.rc [v1.9.6]
   401 | D:1      | Slain by a worm

Vanquished Creatures
  A hobgoblin (D:1)
  2 jackals (D:1)
  2 frilled lizards (D:1)
  A rat (D:1)
6 creatures vanquished.

Table legend:
 A = Non-vault XP
 B = Vault XP
 C = Vault XP percentage of total XP
 D = Non-vault monster count
 E = Vault monster count
 F = Vault count percentage of total count
                 A         B        C        D         E       F
            +---------+---------+-------+---------+---------+-------
      Total |       9 |       0 |   0.0 |       6 |       0 |   0.0
            +---------+---------+-------+---------+---------+-------
        D:1 |       9 |       0 |   0.0 |       6 |       0 |   0.0
            +---------+---------+-------+---------+---------+-------

Illustrated notes

Table legend:
 A = Kills in this place as a percentage of kills in entire the game.
 B = Kills by you in this place as a percentage of kills by you in the entire game.
 C = Kills by friends in this place as a percentage of kills by friends in the entire game.
 D = Other kills in this place as a percentage of other kills in the entire game.
 E = Experience gained in this place as a percentage of experience gained in the entire game.
 F = Experience gained in this place divided by the number of levels of this place that you have seen.
                   A       B       C       D       E      F
               +-------+-------+-------+-------+-------+----------------------
         Total | 100.0 | 100.0 |   N/A |   N/A | 100.0 |   9.0
       Dungeon | 100.0 | 100.0 |   N/A |   N/A | 100.0 |   9.0
               +-------+-------+-------+-------+-------+----------------------

Table legend: (Time is in decaauts)
 A = Elapsed time spent in this place.
 B = Non-inter-level travel time spent in this place.
 C = Inter-level travel time spent in this place.
 D = Time resting spent in this place.
 E = Time spent auto-exploring this place.
 F = Levels seen in this place.
 G = Mean time per level.
                   A        B        C        D        E       F      G
               +--------+--------+--------+--------+--------+-----+--------+
         Total |    400 |    400 |      0 |      0 |    352 |   1 |  400.0 |
       Dungeon |    400 |    400 |      0 |      0 |    352 |   1 |  400.0 |
               +--------+--------+--------+--------+--------+-----+--------+

Top non-repeatable levels by time:
     D:1: 400 daAuts
